AoeStats
← SpaceWolf

African Clearing

510436278Analyzed
2v2 RM · 2d ago on Oct 1, 2026· 27m 52s· 4 players
Game mode
Random Map
Map size
Medium (4 player)
Population
200
Speed
Normal
Resources
Standard
Victory
Conquest
Starting age
Dark Age
Ending age
Imperial Age
RankedLock teamsTeams togetherTeam positionsShared explorationLock speedFull tech treeHidden civsTurbo modeCheats
Victory
Defeat
🇺🇸 Persians · United States
1436
+15
🇺🇸 Varangians · United States
1418
+16
🇺🇸 Varangians · United States
1428
-16
🇺🇸 Mongols · United States
1412
-15
MooSpecial
12:53 Feudal Age
12:01 Loom
15:03 Double-Bit Axe
17:28 Castle Age
16:03 Horse Collar
17:53 Arson
18:09 Scale Mail Armor
18:36 Squires
18:49 Bow Saw
19:17 Chain Mail Armor
[GDL] Good_Guys
10:58 Loom
14:54 Feudal Age
18:42 Castle Age
16:59 Double-Bit Axe
18:44 Fletching
20:05 Bow Saw
24:39 Gold Mining
26:03 Wheelbarrow
HaleDuck
7:59 Loom
12:18 Feudal Age
15:59 Castle Age
15:37 Scale Mail Armor
16:44 Squires
16:31 Arson
16:29 Horse Collar
20:26 Gambesons
20:47 Double-Bit Axe
SpaceWolf
5:01 Loom
12:41 Feudal Age
17:22 Castle Age
16:24 Fletching
17:32 Padded Archer Armor
18:07 Bodkin Arrow
21:02 Thumb Ring
25:49 Ballistics
28:11 Parthian Tactics
Connection lost

Rejoining the realm…

Still unreachable

The connection could not be restored.

Session expired

The server has moved on; the page needs a fresh start.